 Dungeon Crawl Stone Soup version 0.31-a0-216-g22e908daa7 (webtiles) character file.

Game seed: 8282669897207136182

42 qw the Chopper (level 3, -5/23 HPs)
             Began as a Gargoyle Fighter on July 2, 2023.
             Slain by an orc
             ... wielding a +0 mace
              (7 damage)
             ... on level 2 of the Dungeon.
             The game lasted 00:00:30 (1219 turns).

qw the Chopper (Gargoyle Fighter)                   Turns: 1219, Time: 00:00:30

Health: -5/23      AC: 10    Str: 21    XL:     3   Next: 54%
Magic:  3/3        EV:  9    Int:  8    God:
Gold:   81         SH:  4    Dex:  9    Spells: 2/2 levels left

rFire   . . .        i - +0 war axe (vamp)
rCold   . . .        c - +0 buckler
rNeg    + . .        b - +0 scale mail
rPois   inf          (no helmet)
rElec   +            (no cloak)
rCorr   .            (no gloves)
SInv    .            (no boots)
Will    .....        (no amulet) Stlth
                     (no ring)
HPRegen 0.23/turn    (no ring)
MPRegen 0.08/turn

%: no passive effects
@: no status effects
A: sickness immunity, AC +3, negative energy resistance 1, electricity
resistance, torment resistance 1, petrification resistance
a: no special abilities


You were on level 2 of the Dungeon.
You visited 1 branch of the dungeon, and saw 2 of its levels.

You collected 81 gold pieces.


Innate Abilities, Weirdness & Mutations

You are immune to sickness and miasma.
Your stone body is resilient. (AC +3)
You are immune to poison.
You resist negative energy. (rN+)
You are resistant to electric shocks. (rElec)
You are resistant to unholy torment.
You are immune to petrification.


   Skills:
 - Level 3.2 Fighting
 + Level 3.4 Axes
 - Level 3.2 Armour
 - Level 3.2 Shields


You had 2 spell levels left.
You didn't know any spells.
Your spell library was empty.

Inventory:

Hand Weapons
 f - a +0 club
 i - a +0 vampiric war axe (weapon)
Armour
 b - a +0 scale mail (worn)
 c - a +0 buckler (worn)
 l - a +0 chain mail
Scrolls
 e - a scroll of immolation {unknown}
 h - 2 scrolls of identify
 j - a scroll of fog {unknown}
Potions
 a - a potion of heal wounds {unknown}
 d - a potion of might
 g - a potion of curing {unknown}
 k - 2 potions of mutation {unknown}

Dungeon Overview and Level Annotations

Branches:
Dungeon (2/15)

Altars:
The Shining One


Message History

Enter note: An orc priest and 2 orcs come into view.
The orc priest shouts!
The orc shouts!
Enter note:
1209 ||| Stepping ~*~*~tactically~*~*~ (hiding).
You start waiting.
An orc is nearby! 2 orcs come into view.
The orc shouts! x2
The orc priest mumbles some strange prayers to Beogh against you.
You barely resist.
The orc moves out of view.
You slash the orc!
You kill the orc!
You completely miss the orc. You block the orc's attack.
The orc hits you with a +0 falchion.
The orc priest calls down the wrath of Beogh upon you.
Beogh smites you!
Ouch! That really hurt!
You barely miss the orc.
The orc priest invokes the aid of Beogh against you.
Pain shoots through your body!
You slash the orc!
You kill the orc!
The orc priest invokes the aid of Beogh against you.
You barely resist. You closely miss the orc. The orc closely misses you.
The orc hits you but does no damage.
The orc priest hits you but does no damage.
You slash the orc priest!
The orc priest is severely wounded.
You closely miss the orc. The orc hits you but does no damage.
The orc priest miscasts a cantrip.
You closely miss the orc priest.
The orc priest is severely wounded.
You hit the orc. x2; You feel better. You block the orc's attack.
The orc priest hits you with a +0 flail.
The orc hits you with a +0 mace!
You die...

#.. # ......#.# ...# # .
...#.#.# #...# # ..
....#.# #...# # ...
...#.# #...# ### ....
..#.#####...#####..
.#...#.#...............#
......o#...........#....
......o@...............#
##...#o#######...#####.#
.<. ... #......# #.[ #
#### #....#.# ###
#....#.#####
#...........
#.####)####. #.####.# #.
#......####.


You could see an orc priest and 2 orcs.

Vanquished Creatures
  An adder (D:2)
  2 orcs (D:2)
  5 ball pythons
  An endoplasm (D:1)
  A giant cockroach (D:2)
  2 goblins
  3 hobgoblins
  3 jackals (D:1)
  A quokka (D:1)
  4 bats (D:1)
  2 frilled lizards (D:1)
  2 rats
27 creatures vanquished.

Notes
Turn   | Place    | Note
-------+----------+-------------------------------------------
     0 | D:1      | qw the Gargoyle Fighter began the quest for the Orb.
     0 | D:1      | Reached XP level 1. HP: 14/14 MP: 1/1
     0 | D:1      | 0 ||| qw: Version: 0.3-a-35-g05ef00e
     0 | D:1      | 0 ||| qw: Game counter: 7855
     0 | D:1      | 0 ||| qw: Melee chars always use a shield: true
     0 | D:1      | 0 ||| qw: God list: Okawaru
     0 | D:1      | 0 ||| qw: Allow faded altars: false
     0 | D:1      | 0 ||| qw: Do Orc after clearing Dungeon:15 true
     0 | D:1      | 0 ||| qw: Do second Lair branch before Depths: true
     0 | D:1      | 0 ||| qw: Lair rune preference: random
     0 | D:1      | 0 ||| qw: Goals: Normal, Zot:1-4, Slime:5, God:TSO, Crypt,
                  | Tomb, Abyss, Pan, Hells, Win
     0 | D:1      | 0 ||| PLANNING D:1-11
   285 | D:1      | Reached XP level 2. HP: 19/19 MP: 2/2
   682 | D:1      | Found a faded altar of an unknown god.
   893 | D:1      | Reached skill level 3 in Axes
   957 | D:1      | 957 ||| READING scroll labelled DIMICV FOCUA.
   958 | D:1      | 958 ||| READING scroll labelled NINONOETUF.
   959 | D:1      | 959 ||| READING scroll labelled LORHIMMOZU.
  1045 | D:2      | Reached XP level 3. HP: 23/23 MP: 3/3
  1095 | D:2      | Found a glowing golden altar of the Shining One.
  1209 | D:2      | 1209 ||| Stepping ~*~*~tactically~*~*~ (hiding).
  1214 | D:2      | HP: 4/23 [orc priest/divine providence (15)]
  1219 | D:2      | HP: 2/23 [orc priest/+0 flail (2)]
  1219 | D:2      | Slain by an orc

Levels and vault maps discovered:
D:1:      scummos_arrival_simple_crosswalls, layout_loops_cross,
          shapermc_ecumenical_altar_notcrosses, serial_co_window_serial,
          co_window_corner_a, co_window_of_opportunity_a,
          co_window_of_opportunity_a, co_window_of_opportunity_a,
          co_window_paths_b, co_window_paths_a, co_window_of_opportunity_a,
          co_window_of_opportunity_c, co_window_broadway_a,
          co_window_broadway_b, co_window_sun
D:2:      cheibrodos_pilgrimage, layout_loops_cross, basic_altar

Skill      XL: |  1  2 |
---------------+-------+-----
Axes           | 2 3 |  3.4
Fighting       | |  3.2
Armour         | |  3.2
Shields        | |  3.2

Action                     || total
---------------------------++-------
  Melee: War axe           ||    80
    Use: Scroll            ||     3
 Armour: Scale mail        ||    40
  Dodge: Dodged            ||    52
  Block: Buckler           ||    15

Table legend:
 A = Non-vault XP
 B = Vault XP
 C = Vault XP percentage of total XP
 D = Non-vault monster count
 E = Vault monster count
 F = Vault count percentage of total count
                 A         B        C        D         E       F
            +---------+---------+-------+---------+---------+-------
      Total |      54 |       6 |  10.0 |      25 |       2 |   7.4
            +---------+---------+-------+---------+---------+-------
        D:1 |      30 |       0 |   0.0 |      18 |       0 |   0.0
        D:2 |      24 |       6 |  20.0 |       7 |       2 |  22.2
            +---------+---------+-------+---------+---------+-------
